 Dungeon Crawl Stone Soup version 0.24-a0-715-g0b739ee41d (webtiles) character file.

Game seed: 12931403961927585226, levelgen mode: deterministic

81 Engwar the Slasher (level 4, -1/42 HPs)
             Began as a Naga Berserker on Sept 30, 2019.
             Was a Believer of Trog.
             Slain by a gnoll
             ... wielding a +0 flail
              (13 damage)
             ... on level 2 of the Dungeon.
             The game lasted 00:03:45 (1262 turns).

Engwar the Slasher (Naga Berserker)                 Turns: 1262, Time: 00:03:45

Health: -1/42      AC:  2    Str: 20    XL:     4   Next: 42%
Magic:  4/4        EV: 10    Int:  8    God:    Trog [**....]
Gold:   139        SH:  0    Dex: 10    Spells: 3/3 levels left

rFire    . . .     SeeInvis +   a - +0 falchion
rCold    . . .     Gourm    .   (no shield)
rNeg     . . .     Faith    .   b - +0 animal skin
rPois    +         Spirit   .   (no helmet)
rElec    .         Reflect  .   (no cloak)
rCorr    .         Harm     .   (no gloves)
MR       .....                  (no barding)
Stlth    +.........             d - amulet of regeneration
HPRegen  0.54/turn              (no ring)
MPRegen  0.09/turn              (no ring)

@: very slow
A: large, see invisible, deformed body, poison resistance, slowness 2, slow
metabolism 1, spit poison 1, AC +1
a: Spit Poison, Berserk, Trog's Hand, Renounce Religion


You were on level 2 of the Dungeon.
You worshipped Trog.
Trog was pleased with you.
You were not hungry.

You visited 1 branch of the dungeon, and saw 2 of its levels.

You collected 139 gold pieces.

Inventory:

Hand Weapons
 a - a +0 falchion (weapon)
Missiles
 k - 7 javelins (quivered)
Armour
 b - a +0 animal skin (worn)
Jewellery
 d - an amulet of regeneration (around neck)
Scrolls
 e - 2 scrolls of identify {unknown}
 g - a scroll of teleportation {unknown}
 h - a scroll of enchant weapon {unknown}
 i - a scroll of blinking {unknown}
 l - a scroll of remove curse {unknown}
 m - 2 scrolls of magic mapping {unknown}
Potions
 f - 2 potions of curing {unknown}
 j - a potion of haste {unknown}
Comestibles
 c - 2 rations


   Skills:
 - Level 3.0 Fighting
 + Level 5.1 Long Blades
 - Level 1.5 Armour
 - Level 1.5 Dodging


You had 3 spell levels left.
You didn't know any spells.
Your spell library was empty.

Dungeon Overview and Level Annotations

Branches:
Dungeon (2/15)

Altars:


Innate Abilities, Weirdness & Mutations

You cannot wear boots.
Your serpentine skin is tough. (AC +1)
You have supernaturally acute eyesight. (SInv)
Armour fits poorly on your strangely shaped body.
Your system is resistant to poisons. (rPois)
You cover ground very slowly.
You have a slow metabolism.
You can spit poison.


Message History

You are too injured to fight recklessly!
You are too injured to fight recklessly!
You are too injured to fight recklessly!
You are too injured to fight recklessly!
You are too injured to fight recklessly!
You are too injured to fight recklessly!
You are too injured to fight recklessly!
You are too injured to fight recklessly!
You hit the gnoll but do no damage. The gnoll barely misses you.
You hit the gnoll but do no damage.
You have got your breath back.
The gnoll hits you with a +0 flail!
You barely miss the gnoll. The gnoll hits you with a +0 flail.
* * * LOW HITPOINT WARNING * * *
You closely miss the gnoll. The gnoll barely misses you.
You hit the gnoll but do no damage. You hit the gnoll.
The gnoll is heavily wounded.
The gnoll hits you with a +0 flail!
You die...

#...PP..#..♣.♣.♣.#
#....♣...........#
##....P..P..###.P##
#..♣..♣♣.P♣.##.PP.#
#..♣♣♣
♣♣P♣...♣♣♣PP...
#... ♣♣♣.....♣
♣.##..
#...♣♣...P...♣ .#
#...g♣..##..P...##
##.P♣@.########## #
♣.## ###


You could see a gnoll.

Vanquished Creatures
  A gnoll (D:2)
  2 adders (D:2)
  A dart slug (D:1)
  A leopard gecko (D:2)
  10 bats
  6 giant cockroaches
  4 goblins
  8 hobgoblins
  4 frilled lizards (D:1)
  5 kobolds
  9 rats
51 creatures vanquished.

Notes
Turn   | Place    | Note
-------+----------+-------------------------------------------
     0 | D:1      | Engwar the Naga Berserker began the quest for the Orb.
     0 | D:1      | Reached XP level 1. HP: 21/21 MP: 1/1
    81 | D:1      | Reached XP level 2. HP: 28/28 MP: 2/2
   183 | D:1      | Reached ** piety under Trog
   186 | D:1      | Reached skill level 4 in Long Blades
   192 | D:1      | Reached XP level 3. HP: 30/34 MP: 3/3
   455 | D:1      | You fall into a shaft and drop 1 floor!
   956 | D:2      | Reached XP level 4. HP: 15/42 MP: 4/4
  1115 | D:2      | Reached skill level 5 in Long Blades
  1262 | D:2      | Slain by a gnoll

Levels and vault maps discovered:
D:1:      grunt_arrival_lava_bath, layout_basic, st_stairs_6,
          roderic_malta_cross
D:2:      layout_rooms, marbit_many_paths, serial_forest,
          infiniplex_forest_lined_1, infiniplex_forest_lined_4_way,
          infiniplex_forest_clump_cross, infiniplex_forest_pool,
          infiniplex_forest_clump_medium, infiniplex_forest_clump_small,
          infiniplex_forest_clump_double, nicolae_dithmenos_shadow_blocks

Skill      XL: |  1  2  3  4 |
---------------+-------------+-----
Long Blades    | 4 5 |  5.1
Fighting       | |  3.0
Armour         | |  1.5
Dodging        | |  1.5

Action                   |  1- 3 |  4- 6 || total
-------------------------+-------+-------++-------
Melee: Falchion          |   107 |    35 ||   142
 Abil: Spit Poison       |     5 |     1 ||     6
  Eat: Chunk             |       |     1 ||     1
Armor: Animal skin       |    43 |     3 ||    46
Dodge: Dodged            |    82 |    15 ||    97
       Rpst.: Falchion   |    24 |     6 ||    30

Table legend:
 A = Non-vault XP
 B = Vault XP
 C = Vault XP percentage of total XP
 D = Non-vault monster count
 E = Vault monster count
 F = Vault count percentage of total count
                 A         B        C        D         E       F
            +---------+---------+-------+---------+---------+-------
      Total |     116 |       1 |   0.9 |      50 |       1 |   2.0
            +---------+---------+-------+---------+---------+-------
        D:1 |      57 |       1 |   1.7 |      36 |       1 |   2.7
        D:2 |      59 |       0 |   0.0 |      14 |       0 |   0.0
            +---------+---------+-------+---------+---------+-------
